[Event "Cellavision Cup 2019"]
[Site "Lund"]
[Date "2019.08.02"]
[Round "2.12"]
[White "Hansen, Torbjorn Ringdal"]
[Black "Kring, Stephan"]
[Result "1-0"]
[ECO "C44"]
[WhiteElo "2432"]
[BlackElo "2064"]
[Annotator "NA"]
[PlyCount "85"]
[EventDate "2019.08.02"]
[EventType "swiss"]
[EventCountry "SWE"]
[SourceTitle "playchess.com"]
[Source "ChessBase"]
[SourceQuality "1"]
[TimeControl "900+5"]

1. e4 e5 2. Nf3 Nc6 3. d4 exd4 4. Bc4 Bc5 5. Ng5 Nh6 6. Nxf7 Nxf7 7. Bxf7+ Kxf7 8. Qh5+ Kf8 9. Qxc5+ Qe7 10. Qxe7+ Kxe7 11. O-O d6 12. Rd1 Be6 13. c3 dxc3 14. Nxc3 h6 15. b3 a5 16. Bb2 Nb4 17. Nb5 Rac8 18. Bxg7 Rh7 19. Bc3 Nxa2 20. Rxa2 Bxb3 21. Rda1 Bxa2 22. Rxa2 b6 23. f4 Kd7 24. Kf2 c6 25. Nd4 Ra8 26. Nf5 a4 27. Rd2 a3 28. Rxd6+ Kc7 29. Rd1 b5 30. e5 c5 31. e6 b4 32. Be5+ Kc6 33. e7 Re8 34. Rd6+ Kb5 35. Re6 Ka4 36. Ng7 Rxg7 37. Bxg7 b3 38. f5 b2 39. Re1 Rxe7 40. Rxe7 Kb3 41. Rb7+ Kc2 42. f6 a2 43. Rxb2+ 1-0

[Event "Cellavision Cup 2019"]
[Site "Lund"]
[Date "2019.08.02"]
[Round "2.13"]
[White "Seo, Jung Min"]
[Black "Jafarzadeh, Mehrdad"]
[Result "1-0"]
[ECO "B13"]
[WhiteElo "2399"]
[BlackElo "2089"]
[Annotator "ChessBase"]
[PlyCount "80"]
[EventDate "2019.08.02"]
[EventType "swiss"]
[EventCountry "SWE"]
[SourceTitle "playchess.com"]
[Source "ChessBase"]
[SourceQuality "1"]
[TimeControl "900+5"]

1. e4 c6 2. d4 d5 3. exd5 cxd5 4. Bd3 Nc6 5. c3 Nf6 6. h3 e5 7. dxe5 Nxe5 8. Bb5+ Bd7 9. Bxd7+ Qxd7 10. Nf3 Nc6 11. O-O Be7 12. Bf4 O-O 13. Nbd2 d4 14. cxd4 Nxd4 15. Be5 Nc6 16. Bxf6 Bxf6 17. Ne4 Qf5 18. Nxf6+ Qxf6 19. Qb3 b6 20. Rac1 Nd4 21. Nxd4 Qxd4 22. Rfd1 Qf4 23. Rc4 Qe5 24. Rcd4 h6 25. Rd7 Qf6 26. R1d6 Qe5 27. Rd1 Qf6 28. Qa3 Rfe8 29. b3 Re2 30. Rf1 Rc8 31. Rd6 Qf4 32. Qa6 Rcc2 33. Rd8+ Kh7 34. Qd3+ f5 35. Qd5 Rxf2 36. Qg8+ Kg6 37. Qe6+ Kh7 38. Qg8+ Kg6 39. Qe6+ Kh5 40. Qf7+ Kh4 1-0

[Event "Cellavision Cup 2019"]
[Site "Lund"]
[Date "2019.08.02"]
[Round "2.14"]
[White "Pettersson, Alexander"]
[Black "Kristiansen, Jens"]
[Result "0-1"]
[ECO "A56"]
[WhiteElo "2083"]
[BlackElo "2400"]
[Annotator "NA"]
[PlyCount "60"]
[EventDate "2019.08.02"]
[EventType "swiss"]
[EventCountry "SWE"]
[SourceTitle "playchess.com"]
[Source "ChessBase"]
[SourceQuality "1"]
[TimeControl "900+5"]

1. d4 Nf6 2. c4 c5 3. d5 e5 4. Nc3 d6 5. e4 g6 6. Be2 Bg7 7. Nf3 O-O 8. O-O Ne8 9. Ne1 Nd7 10. Nd3 f5 11. f4 a6 12. fxe5 Nxe5 13. Nxe5 Bxe5 14. Bd2 Nf6 15. Bg5 Qe8 16. exf5 Bxf5 17. Bd3 Ng4 18. h3 Bd4+ 19. Kh1 Nf2+ 20. Rxf2 Bxf2 21. Bh6 Rf7 22. Bxf5 Rxf5 23. Qg4 Qe5 24. Rf1 Re8 25. a4 Bd4 26. Bf4 Qf6 27. Rf3 Bxc3 28. bxc3 Re4 29. g3 h5 30. Bg5 hxg4 0-1

[Event "Cellavision Cup 2019"]
[Site "Lund"]
[Date "2019.08.02"]
[Round "2.15"]
[White "Jepson, Christian"]
[Black "Pedersen, Lars Wilton"]
[Result "1-0"]
[ECO "E77"]
[WhiteElo "2391"]
[BlackElo "2068"]
[Annotator "NA"]
[PlyCount "61"]
[EventDate "2019.08.02"]
[EventType "swiss"]
[EventCountry "SWE"]
[SourceTitle "playchess.com"]
[Source "ChessBase"]
[SourceQuality "1"]
[TimeControl "900+5"]

1. d4 Nf6 2. c4 d6 3. Nc3 g6 4. e4 Bg7 5. f4 O-O 6. Nf3 c5 7. d5 e6 8. Be2 exd5 9. cxd5 Na6 10. O-O Nc7 11. a4 a6 12. Kh1 Rb8 13. e5 dxe5 14. d6 Ne6 15. fxe5 Nd7 16. Qd5 b6 17. Qe4 Bb7 18. Nd5 Bxd5 19. Qxd5 Qc8 20. Bd2 Qb7 21. Qxb7 Rxb7 22. Bxa6 Ra7 23. Bb5 Nxe5 24. Bc3 Nxf3 25. Rxf3 Nd4 26. Bxd4 Bxd4 27. Re1 Kg7 28. b3 Bf6 29. d7 Raa8 30. Re8 Rd8 31. Rd3 1-0

[Event "Cellavision Cup 2019"]
[Site "Lund"]
[Date "2019.08.02"]
[Round "2.16"]
[White "Karlsson, Jorgen"]
[Black "Lindberg, Bengt"]
[Result "0-1"]
[ECO "D01"]
[WhiteElo "2114"]
[BlackElo "2384"]
[Annotator "NA"]
[PlyCount "74"]
[EventDate "2019.08.02"]
[EventType "swiss"]
[EventCountry "SWE"]
[SourceTitle "playchess.com"]
[Source "ChessBase"]
[SourceQuality "1"]
[TimeControl "900+5"]

1. d4 Nf6 2. Nc3 d5 3. Bg5 c5 4. e3 cxd4 5. exd4 Bg4 6. Be2 Bxe2 7. Ngxe2 e6 8. O-O Be7 9. Qd3 Nc6 10. Rfd1 O-O 11. Ng3 Rc8 12. a3 a6 13. Nce2 b5 14. c3 Na5 15. Nf4 Nc4 16. Rab1 Nd6 17. Bxf6 Bxf6 18. Re1 g6 19. Qf3 Bg7 20. Nd3 a5 21. Re2 Rc7 22. Rbe1 Nc4 23. Qg4 h5 24. Qh3 Nd6 25. Nf4 h4 26. Nf1 b4 27. axb4 axb4 28. Re3 bxc3 29. bxc3 Ne4 30. Ne2 f5 31. f4 g5 32. g3 g4 33. Qxh4 Bf6 34. Qh5 Rh7 35. Qxh7+ Kxh7 36. Rb1 Qc7 37. Rd3 Rb8 0-1

[Event "Cellavision Cup 2019"]
[Site "Lund"]
[Date "2019.08.02"]
[Round "3.2"]
[White "Olund, Joar"]
[Black "Kryakvin, Dmitry"]
[Result "1/2-1/2"]
[ECO "D12"]
[WhiteElo "2313"]
[BlackElo "2586"]
[Annotator "ChessBase"]
[PlyCount "367"]
[EventDate "2019.08.02"]
[EventType "swiss"]
[EventCountry "SWE"]
[SourceTitle "playchess.com"]
[Source "ChessBase"]
[SourceQuality "1"]
[TimeControl "900+5"]

1. d4 d5 2. Nf3 Nf6 3. c4 c6 4. e3 Bf5 5. Nc3 e6 6. Bd3 Bg6 7. O-O Bb4 8. a3 Bxc3 9. bxc3 Qa5 10. Bxg6 hxg6 11. Qb3 Qa6 12. Rb1 b6 13. Nd2 O-O 14. a4 Rc8 15. Ba3 Nbd7 16. Rfc1 c5 17. cxd5 exd5 18. c4 cxd4 19. exd4 Qa5 20. Qb4 Qxb4 21. Bxb4 dxc4 22. Nxc4 Nd5 23. Bd2 N7f6 24. f3 Rc7 25. Nd6 Rd7 26. Nc4 Ne7 27. Be3 Nf5 28. Bf2 Nxd4 29. Kf1 Nf5 30. a5 bxa5 31. Ra1 Rc8 32. Nxa5 Rxc1+ 33. Rxc1 Nd5 34. g4 Nfe7 35. Rb1 g5 36. Rb8+ Kh7 37. Ra8 Nb6 38. Bxb6 axb6 39. Nc4 Nd5 40. Rb8 Rc7 41. Nxb6 Rc1+ 42. Kf2 Rc2+ 43. Kg1 Nf4 44. Rb7 Rg2+ 45. Kf1 Rb2 46. Rb8 Rxh2 47. Nd7 Rd2 48. Ne5 f6 49. Nc4 Rc2 50. Nd6 Nd3 51. Nf5 Rf2+ 52. Kg1 Rxf3 53. Rb7 Kh8 54. Rb8+ Kh7 55. Rb7 Ne5 56. Rxg7+ Kh8 57. Re7 Nxg4 58. Nd6 Kg8 59. Kg2 Rf4 60. Kg3 Nh6 61. Kg2 Nf5 62. Re8+ Kg7 63. Nb7 g4 64. Nc5 Rc4 65. Nd7 Rc2+ 66. Kg1 Rc7 67. Nb6 Rc1+ 68. Kg2 Rc2+ 69. Kg1 Nh4 70. Re3 Nf3+ 71. Kf1 Kg6 72. Nd5 Kg5 73. Re8 Nh2+ 74. Kg1 Nf3+ 75. Kf1 Kh4 76. Nxf6 Nh2+ 77. Ke1 Nf3+ 78. Kd1 Rd2+ 79. Kc1 Rd4 80. Rh8+ Kg5 81. Nxg4 Kxg4 82. Kc2 Kf4 83. Kc3 Rd7 84. Re8 Ne5 85. Kb4 Rc7 86. Kb5 Ke4 87. Rd8 Rc1 88. Rh8 Nf7 89. Rh4+ Kd5 90. Kb4 Ne5 91. Kb3 Rc7 92. Rh5 Rc8 93. Kb4 Rc1 94. Kb3 Rc6 95. Kb4 Re6 96. Kc3 Kc5 97. Rf5 Re8 98. Rh5 Kd5 99. Kb4 Rg8 100. Kc3 Rg3+ 101. Kb4 Kd4 102. Rh4+ Ng4 103. Kb5 Rg1 104. Kc6 Ke5 105. Rh8 Rc1+ 106. Kb5 Nf6 107. Kb4 Kd4 108. Rh4+ Ne4 109. Kb5 Rc5+ 110. Kb6 Re5 111. Kc6 Rg5 112. Rh1 Rg6+ 113. Kc7 Nc3 114. Kd7 Ra6 115. Rh4+ Kc5 116. Rh1 Rd6+ 117. Ke7 Nd5+ 118. Kf7 Ra6 119. Rh2 Kd4 120. Rh4+ Ke5 121. Rh5+ Ke4 122. Rh4+ Nf4 123. Rh1 Kf5 124. Ke7 Ng6+ 125. Kd7 Ne5+ 126. Kc7 Ke4 127. Rd1 Rc6+ 128. Kb7 Rc3 129. Re1+ Kd5 130. Rd1+ Nd3 131. Rh1 Nc5+ 132. Kb6 Rb3+ 133. Kc7 Rb7+ 134. Kc8 Rg7 135. Rd1+ Kc6 136. Kd8 Ne4 137. Ke8 Ra7 138. Kf8 Nf6 139. Rc1+ Kd6 140. Rd1+ Nd5 141. Re1 Nf4 142. Kg8 Nh5 143. Rd1+ Ke6 144. Re1+ Kf5 145. Rf1+ Nf4 146. Kf8 Ke5 147. Ke8 Nd5 148. Re1+ Kd6 149. Kf8 Nf4 150. Kg8 Nd5 151. Kf8 Rb7 152. Kg8 Nf4 153. Kf8 Ne6+ 154. Kg8 Rg7+ 155. Kh8 Rg3 156. Ra1 Ke7 157. Kh7 Rg4 158. Rf1 Nf4 159. Ra1 Kf6 160. Ra6+ Ne6 161. Ra1 Ng5+ 162. Kg8 Ne6+ 163. Kh7 Nf8+ 164. Kh8 Ne6 165. Rf1+ Nf4 166. Ra1 Ng6+ 167. Kg8 Ne5+ 168. Kf8 Rd4 169. Ra6+ Kf5 170. Ra1 Rd7 171. Ke8 Rb7 172. Ra6 Nc4 173. Ra1 Ke6 174. Kd8 Rd7+ 175. Kc8 Nd6+ 176. Kb8 Kd5 177. Rd1+ Kc6 178. Rc1+ Kb6 179. Rb1+ Nb5 180. Kc8 Rd2 181. Rb4 Rd1 182. Rb2 Rd3 183. Rb4 Rd1 184. Rb2 1/2-1/2

[Event "Cellavision Cup 2019"]
[Site "Lund"]
[Date "2019.08.02"]
[Round "3.3"]
[White "Kulaots, Kaido"]
[Black "Umudova, Nargiz"]
[Result "1-0"]
[ECO "B10"]
[WhiteElo "2560"]
[BlackElo "2301"]
[Annotator "ChessBase"]
[PlyCount "105"]
[EventDate "2019.08.02"]
[EventType "swiss"]
[EventCountry "SWE"]
[SourceTitle "playchess.com"]
[Source "ChessBase"]
[SourceQuality "1"]
[TimeControl "900+5"]

1. e4 c6 2. Nc3 d5 3. Nf3 dxe4 4. Nxe4 Nf6 5. Qe2 Nxe4 6. Qxe4 Nd7 7. Bc4 Nf6 8. Qe2 Bf5 9. Ne5 e6 10. g4 Bg6 11. d3 Bd6 12. Bd2 Bxe5 13. Qxe5 Nxg4 14. Qxg7 Qf6 15. Qxf6 Nxf6 16. h4 Rg8 17. Rg1 Kd7 18. O-O-O Bh5 19. Rde1 Rg6 20. d4 Rag8 21. Rg5 h6 22. Rxg6 Rxg6 23. Bd3 Rg2 24. Bxh6 Rxf2 25. Rf1 Rxf1+ 26. Bxf1 Ne4 27. c3 f6 28. Bg2 Ng3 29. Be3 Nf5 30. Bf2 Kd6 31. Kd2 a6 32. a4 e5 33. Bh3 Ne7 34. Bg3 Kd5 35. dxe5 fxe5 36. a5 Ke4 37. Bg2+ Kf5 38. c4 Ng6 39. Ke3 Nf4 40. Be4+ Kg4 41. Be1 Kh3 42. Bf5+ Bg4 43. Bxg4+ Kxg4 44. Ke4 Ng2 45. Bc3 Nxh4 46. Kxe5 Nf5 47. Ke6 Kf4 48. Kd7 Ke4 49. Kc7 Kd3 50. Kxb7 Kxc4 51. Kxa6 Nd6 52. Kb6 Ne4 53. a6 1-0

[Event "Cellavision Cup 2019"]
[Site "Lund"]
[Date "2019.08.02"]
[Round "3.4"]
[White "Kucuksari, Kaan"]
[Black "Burg, Twan"]
[Result "0-1"]
[ECO "A46"]
[WhiteElo "2310"]
[BlackElo "2526"]
[Annotator "ChessBase"]
[PlyCount "72"]
[EventDate "2019.08.02"]
[EventType "swiss"]
[EventCountry "SWE"]
[SourceTitle "playchess.com"]
[Source "ChessBase"]
[SourceQuality "1"]
[TimeControl "900+5"]

1. d4 Nf6 2. Nf3 d5 3. c4 e6 4. g3 Bb4+ 5. Bd2 Be7 6. Bg2 c6 7. Qc2 O-O 8. O-O Nbd7 9. Rd1 b6 10. Bf4 Ba6 11. Nbd2 Nh5 12. Be3 f5 13. cxd5 cxd5 14. Qc6 Kf7 15. Ng5+ Bxg5 16. Bxg5 Qxg5 17. Qxd7+ Qe7 18. Qa4 Bb7 19. Rac1 Nf6 20. Nf3 Kg8 21. Ne5 Ng4 22. Nd3 Nf6 23. Rc2 Rfc8 24. Rxc8+ Bxc8 25. Rc1 Bd7 26. Qa6 Be8 27. a4 Rb8 28. a5 Ne4 29. axb6 Rxb6 30. Qc8 Nd6 31. Qa8 Nc4 32. Ra1 a5 33. h4 h6 34. Nf4 Kh7 35. Nd3 Bc6 36. Qc8 Nd6 0-1

[Event "Cellavision Cup 2019"]
[Site "Lund"]
[Date "2019.08.02"]
[Round "3.5"]
[White "Marin, Mihail"]
[Black "Jakobsen, Peter"]
[Result "1-0"]
[ECO "A03"]
[WhiteElo "2525"]
[BlackElo "2250"]
[Annotator "ChessBase"]
[PlyCount "82"]
[EventDate "2019.08.02"]
[EventType "swiss"]
[EventCountry "SWE"]
[SourceTitle "playchess.com"]
[Source "ChessBase"]
[SourceQuality "1"]
[TimeControl "900+5"]

1. f4 d5 2. Nf3 Bg4 3. e3 Nd7 4. Be2 c6 5. O-O Bxf3 6. Bxf3 e5 7. d4 e4 8. Be2 Ngf6 9. b3 Be7 10. c4 O-O 11. Nc3 Rc8 12. g4 Nb6 13. c5 Nbd7 14. b4 b6 15. Bd2 Ne8 16. Kh1 f5 17. gxf5 Rxf5 18. Bg4 Rf8 19. Be1 Rc7 20. Be6+ Kh8 21. f5 Bh4 22. Qg4 Bxe1 23. Raxe1 Ndf6 24. Qf4 Re7 25. b5 Nc7 26. bxc6 Nxe6 27. fxe6 bxc5 28. c7 Qxc7 29. Qxc7 Rxc7 30. Nxd5 Rcc8 31. Nxf6 Rxf6 32. Rxf6 gxf6 33. d5 Kg7 34. d6 Kf8 35. Rf1 c4 36. Rxf6+ Kg7 37. Rf7+ Kg6 38. Rc7 Rb8 39. Rxc4 Kf5 40. e7 Ke6 41. Rxe4+ Kd5 1-0

[Event "Cellavision Cup 2019"]
[Site "Lund"]
[Date "2019.08.02"]
[Round "3.6"]
[White "Silseth, Simon"]
[Black "Blomqvist, Erik"]
[Result "1-0"]
[ECO "B23"]
[WhiteElo "2264"]
[BlackElo "2492"]
[Annotator "ChessBase"]
[PlyCount "86"]
[EventDate "2019.08.02"]
[EventType "swiss"]
[EventCountry "SWE"]
[SourceTitle "playchess.com"]
[Source "ChessBase"]
[SourceQuality "1"]
[TimeControl "900+5"]

1. e4 c5 2. Nc3 a6 3. g3 b5 4. Bg2 Bb7 5. d3 e6 6. Nf3 d6 7. O-O Nf6 8. a4 b4 9. Ne2 Nbd7 10. b3 g6 11. Bb2 Bg7 12. Nd2 Qc7 13. Nc4 O-O 14. Nxd6 Qxd6 15. e5 Qc7 16. exf6 Bxf6 17. Bxf6 Nxf6 18. Nf4 e5 19. Bxb7 Qxb7 20. Ng2 Rad8 21. Qe2 Rfe8 22. f3 Nd5 23. Ne3 Nc3 24. Qf2 h5 25. Nc4 Qc7 26. Rae1 Re7 27. Qe3 Rde8 28. Qg5 Kg7 29. Ne3 Qd7 30. Nc4 f6 31. Qe3 Qd5 32. Rf2 Re6 33. Rg2 f5 34. Qg5 Qxf3 35. Rf2 Qg4 36. Qe3 Qd4 37. Qg5 e4 38. Ne3 Rf8 39. Rf4 Nd5 40. Rh4 Nxe3 41. Rxe3 Qd8 42. Rxh5 Qxg5 43. Rxg5 Kf6 1-0

[Event "Cellavision Cup 2019"]
[Site "Lund"]
[Date "2019.08.02"]
[Round "3.7"]
[White "Hector, Jonny"]
[Black "Brondt, Nicolai Kvist"]
[Result "1-0"]
[ECO "B18"]
[WhiteElo "2487"]
[BlackElo "2288"]
[Annotator "ChessBase"]
[PlyCount "67"]
[EventDate "2019.08.02"]
[EventType "swiss"]
[EventCountry "SWE"]
[SourceTitle "playchess.com"]
[Source "ChessBase"]
[SourceQuality "1"]
[TimeControl "900+5"]

1. e4 c6 2. d4 d5 3. Nd2 dxe4 4. Nxe4 Bf5 5. Ng3 Bg6 6. Nh3 e6 7. Nf4 Bd6 8. h4 Qc7 9. Nxg6 hxg6 10. Ne4 Bf4 11. Bxf4 Qxf4 12. Ng5 Nh6 13. g3 Qd6 14. Qd2 Nd7 15. Bh3 O-O-O 16. O-O-O Kb8 17. Rhe1 Rhe8 18. Kb1 Qc7 19. Bxe6 fxe6 20. Nxe6 Rxe6 21. Rxe6 Nf6 22. Qe2 Nf5 23. c3 c5 24. dxc5 Rxd1+ 25. Qxd1 a6 26. b4 Qd7 27. Qxd7 Nxd7 28. Rxg6 Kc7 29. Rg5 Ne7 30. Rxg7 Nd5 31. Kc2 Kc6 32. h5 a5 33. h6 N7f6 34. h7 1-0

[Event "Cellavision Cup 2019"]
[Site "Lund"]
[Date "2019.08.02"]
[Round "3.8"]
[White "Petersson, Baldur Teodor"]
[Black "Cramling, Pia"]
[Result "1/2-1/2"]
[ECO "B30"]
[WhiteElo "2179"]
[BlackElo "2479"]
[Annotator "ChessBase"]
[PlyCount "123"]
[EventDate "2019.08.02"]
[EventType "swiss"]
[EventCountry "SWE"]
[SourceTitle "playchess.com"]
[Source "ChessBase"]
[SourceQuality "1"]
[TimeControl "900+5"]

1. e4 c5 2. Nf3 Nc6 3. d3 g6 4. g3 Bg7 5. Bg2 d6 6. O-O Rb8 7. c3 e5 8. a3 Nge7 9. Re1 O-O 10. b4 h6 11. b5 Na5 12. c4 f5 13. Nc3 f4 14. h3 g5 15. g4 b6 16. Nd5 Nxd5 17. cxd5 c4 18. dxc4 Nxc4 19. Nd2 Na5 20. f3 Bd7 21. Bf1 Rc8 22. a4 Qe7 23. Ba3 Rc7 24. Rc1 Rfc8 25. Rxc7 Rxc7 26. Qb1 Bf8 27. Rc1 Qd8 28. Rc2 Qc8 29. Rxc7 Qxc7 30. Qc1 Qxc1 31. Bxc1 Kf7 32. Ba3 Ke8 33. Bb4 Nb7 34. Nc4 Be7 35. Kf2 Bc8 36. Ke1 Kd7 37. Kd2 Bd8 38. Kc3 Bc7 39. Kb3 Nd8 40. Be2 Nf7 41. a5 bxa5 42. Bxa5 Nd8 43. Bxc7 Kxc7 44. Na5 Kb6 45. Kb4 Bd7 46. Nc4+ Kc7 47. Na5 Nf7 48. Nc4 Nh8 49. Nd2 Ng6 50. Ka5 Bc8 51. Nc4 Nh4 52. Na3 Ng2 53. Nc2 Ne3 54. Nxe3 fxe3 55. Bd3 Kb7 56. Be2 Bd7 57. Bd3 Be8 58. Be2 h5 59. Bd1 h4 60. Be2 Bd7 61. Bd1 Bc8 62. Be2 1/2-1/2

[Event "Cellavision Cup 2019"]
[Site "Lund"]
[Date "2019.08.02"]
[Round "3.10"]
[White "Bogo, Soren"]
[Black "Popilski, Gil"]
[Result "0-1"]
[ECO "E21"]
[WhiteElo "2250"]
[BlackElo "2467"]
[Annotator "ChessBase"]
[PlyCount "56"]
[EventDate "2019.08.02"]
[EventType "swiss"]
[EventCountry "SWE"]
[SourceTitle "playchess.com"]
[Source "ChessBase"]
[SourceQuality "1"]
[TimeControl "900+5"]

1. d4 Nf6 2. c4 e6 3. Nc3 Bb4 4. Nf3 d5 5. Bg5 Nbd7 6. e3 c5 7. cxd5 exd5 8. Be2 Qa5 9. O-O Bxc3 10. bxc3 Ne4 11. c4 dxc4 12. Bxc4 cxd4 13. exd4 Nxg5 14. Qe1+ Qxe1 15. Rfxe1+ Ne6 16. d5 Nb6 17. Bb3 Nxd5 18. Bxd5 O-O 19. Rac1 Rd8 20. Bb3 Kf8 21. Ne5 Rd6 22. f4 g6 23. g3 b5 24. Nc6 Bd7 25. Na5 Rc8 26. Rxc8+ Bxc8 27. Re5 a6 28. f5 Nd4 0-1

[Event "Cellavision Cup 2019"]
[Site "Lund"]
[Date "2019.08.02"]
[Round "3.11"]
[White "Smith, Axel"]
[Black "Holst, Conny"]
[Result "1/2-1/2"]
[ECO "A30"]
[WhiteElo "2469"]
[BlackElo "2184"]
[Annotator "ChessBase"]
[PlyCount "125"]
[EventDate "2019.08.02"]
[EventType "swiss"]
[EventCountry "SWE"]
[SourceTitle "playchess.com"]
[Source "ChessBase"]
[SourceQuality "1"]
[TimeControl "900+5"]

1. Nf3 Nf6 2. c4 e6 3. g3 b6 4. Bg2 Bb7 5. O-O c5 6. Nc3 Be7 7. d4 cxd4 8. Qxd4 O-O 9. Rd1 d6 10. b3 Nbd7 11. Bb2 a6 12. Ng5 Bxg2 13. Kxg2 Qc8 14. f3 Qb7 15. Nge4 Ne8 16. Rac1 Rc8 17. Rd2 h6 18. Rcd1 Ne5 19. Na4 b5 20. cxb5 axb5 21. Qb6 Rc7 22. Qxb7 Rxb7 23. Bxe5 bxa4 24. Nxd6 Nxd6 25. Bxd6 Bxd6 26. Rxd6 axb3 27. axb3 Rxb3 28. R1d2 Rfb8 29. h4 h5 30. Rd8+ Rxd8 31. Rxd8+ Kh7 32. Rd7 Kg6 33. Rc7 e5 34. Kf2 f6 35. Ra7 Rc3 36. Ra4 Rb3 37. Ra7 Rc3 38. Rd7 Rb3 39. Rd3 Rb1 40. Ke3 Rg1 41. Kf2 Rb1 42. Ra3 Rc1 43. Rb3 Ra1 44. Rc3 Rb1 45. Rc5 Rb3 46. Kg2 Rb2 47. Kf1 Rb1+ 48. Kf2 Rb3 49. Rd5 Rc3 50. Rd3 Rc1 51. Ra3 Rb1 52. Rd3 Rc1 53. Rb3 Ra1 54. Rc3 Rd1 55. Rd3 Rc1 56. Rd5 Rc3 57. Ra5 Rb3 58. Rd5 Rc3 59. Rd3 Rc1 60. Kg2 Rc2 61. Kf2 Rc1 62. Kg2 Rc2 63. Kf2 1/2-1/2

[Event "Cellavision Cup 2019"]
[Site "Lund"]
[Date "2019.08.02"]
[Round "3.12"]
[White "Namini, Armin"]
[Black "Hansen, Torbjorn Ringdal"]
[Result "1/2-1/2"]
[ECO "A33"]
[WhiteElo "2241"]
[BlackElo "2432"]
[Annotator "NA"]
[PlyCount "104"]
[EventDate "2019.08.02"]
[EventType "swiss"]
[EventCountry "SWE"]
[SourceTitle "playchess.com"]
[Source "ChessBase"]
[SourceQuality "1"]
[TimeControl "900+5"]

1. c4 c5 2. Nf3 Nc6 3. d4 cxd4 4. Nxd4 Nf6 5. Nc3 e6 6. a3 d5 7. cxd5 {[%emt 0:00:50] A33: Symmetrical English: 2 Nf3 Nf6 3 d4 cxd4 4 Nxd4 e6 5 Nc3 Nc6} exd5 8. g3 (8. Bg5 Bc5 9. e3 Bxd4 10. exd4 O-O 11. Be2 h6 12. Bh4 Qd6 13. Bg3 Qe7 14. O-O Bf5 15. Re1 Qd7 16. Bf3 {½-½ (33) Navara,D (2737)-Anand,V (2783) Saint Louis 2017}) 8... Bc5 9. Nb3 {[%emt 0:01:00] The position is equal.} Bb6 10. Bg2 d4 11. Na4 O-O 12. O-O Re8 $146 ({Predecessor:} 12... Bg4 13. h3 Bh5 14. g4 Bg6 {½-½ (49) Mareco,S (2580)-Krysa,L (2378) Villa Martelli 2013}) 13. Bg5 h6 14. Nxb6 axb6 15. Bf4 ({White should play} 15. Bxf6 $11 Qxf6 16. Re1) 15... Be6 16. Re1 Bd5 17. Qd3 Bxg2 18. Kxg2 Qd7 19. Rad1 Rad8 20. Qf3 Qe6 21. Nc1 g5 22. Bd2 Rd5 23. Qb3 Ne4 24. Nd3 Nc5 25. Nxc5 bxc5 26. Qxb7 Rb8 27. Qa6 Rxb2 28. Qc4 Ne5 29. Qc1 Rb3 30. h3 c4 31. Bb4 c3 32. Kh2 Rb2 33. Rxd4 Rxd4 34. Bxc3 Nf3+ 35. exf3 Rxf2+ 36. Kg1 Qxh3 37. Kxf2 Qh2+ 38. Ke3 Rd8 39. Be5 Re8 40. Kd4 Qf2+ 41. Qe3 Qb2+ 42. Qc3 Rd8+ 43. Ke4 Qb5 44. f4 g4 45. Kf5 Qd7+ 46. Ke4 Qb7+ 47. Kf5 Qd7+ 48. Ke4 Qd5+ 49. Kf5 Qe6+ 50. Ke4 Qd5+ 51. Kf5 Qe6+ 52. Ke4 Qd5+ 1/2-1/2

[Event "Cellavision Cup 2019"]
[Site "Lund"]
[Date "2019.08.02"]
[Round "3.13"]
[White "Lindahl, Emil"]
[Black "Seo, Jung Min"]
[Result "0-1"]
[ECO "A45"]
[WhiteElo "2180"]
[BlackElo "2399"]
[Annotator "NA"]
[PlyCount "64"]
[EventDate "2019.08.02"]
[EventType "swiss"]
[EventCountry "SWE"]
[SourceTitle "playchess.com"]
[Source "ChessBase"]
[SourceQuality "1"]
[TimeControl "900+5"]

1. d4 Nf6 2. Bg5 d5 3. Nd2 Nbd7 4. Ngf3 c6 5. e3 e6 6. Bd3 Be7 7. O-O O-O 8. c4 b6 9. Rc1 {[%emt 0:00:33] D30: Queen's Gambit Declined: Systems without Nc3} (9. Qc2 Bb7 10. Rfd1 h6 11. Bh4 c5 12. Bf1 Rc8 13. dxc5 Nxc5 14. Rac1 Nfe4 15. Bxe7 Qxe7 16. cxd5 exd5 {1-0 (44) Bu,X (2714)-Korobov,A (2605) Beijing 2008}) 9... Bb7 10. cxd5 cxd5 11. Qe2 {[%emt 0:00:32] White is slightly better.} a6 12. Rc2 Bd6 $146 ({Predecessor:} 12... Rc8 13. Rfc1 Rxc2 14. Rxc2 Qa8 15. Ne5 {0-1 (74) Maderna,C-Eliskases,E Mar del Plata 1947}) 13. e4 dxe4 {[%emt 0:00:10] The position is equal.} 14. Nxe4 Be7 15. Ne5 Nd5 16. Nd6 Bxg5 17. Nxb7 Qe7 18. Nc6 Qf6 19. Bxa6 Nb8 20. Bb5 Rxa2 21. Ne5 Qe7 22. Bc4 Ra7 23. Qg4 Rxb7 24. h4 Bxh4 25. Re2 Rd8 26. Rfe1 Bf6 27. Qh5 Nf4 28. Qh2 Nxe2+ 29. Bxe2 Rxd4 30. Bh5 g6 31. Bxg6 fxg6 32. Nf3 Rd8 0-1

[Event "Cellavision Cup 2019"]
[Site "Lund"]
[Date "2019.08.02"]
[Round "3.14"]
[White "Kristiansen, Jens"]
[Black "Olsson, Simon"]
[Result "1-0"]
[ECO "A08"]
[WhiteElo "2400"]
[BlackElo "2176"]
[Annotator "NA"]
[PlyCount "103"]
[EventDate "2019.08.02"]
[EventType "swiss"]
[EventCountry "SWE"]
[SourceTitle "playchess.com"]
[Source "ChessBase"]
[SourceQuality "1"]
[TimeControl "900+5"]

1. Nf3 d5 2. g3 c5 3. Bg2 Nc6 4. O-O e5 5. d3 Nf6 6. e4 dxe4 7. dxe4 Qxd1 8. Rxd1 Bg4 9. Nbd2 {[%emt 0:01:36] A08: King's Indian Attack} (9. Na3 Nd4 10. Rd3 Bd6 11. Nc4 Bc7 12. Ncxe5 Ne2+ 13. Kf1 Nxc1 14. Rxc1 Be6 15. b3 O-O 16. Re3 Rfd8 17. Nd3 c4 {1-0 (36) Kramnik,V (2779)-Dragnev,V (2508) Douglas 2018}) 9... Rd8 10. Rf1 $1 Bd6 $146 ({Predecessor:} 10... Be7 11. Nc4 Nd7 12. Re1 O-O 13. Ne3 Be6 14. c3 Nb6 15. Nf5 Bxf5 16. exf5 {1-0 (37) Andreasen,J (1979)-Justinussen,S (1925) Torshavn 2013}) 11. c3 {[%emt 0:00:14] The position is equal.} O-O 12. h3 Bc8 13. Nh4 b5 14. Nf5 Bb7 (14... Bc7 $11 {keeps the balance.}) 15. Re1 Bc7 16. a4 a6 17. Nb3 Nd7 18. Be3 g6 19. Nh6+ Kg7 20. Ng4 c4 21. Bh6+ Kg8 22. Bxf8 Kxf8 23. axb5 axb5 24. Nc1 Nc5 25. Ne3 Rd2 26. Re2 Nb3 27. Rxd2 Nxd2 28. Nd5 Bd8 29. Na2 Nb3 30. Rd1 Ke8 31. Nab4 Nxb4 32. Nxb4 Nc5 33. Nd5 Nd3 34. b3 Bxd5 35. exd5 Kd7 36. bxc4 bxc4 37. Rb1 Bc7 38. Bf1 e4 39. Bxd3 exd3 40. Kf1 Be5 41. Rb4 Bxc3 42. Rxc4 d2 43. Ke2 Ba5 44. Ra4 Bc3 45. Ra3 Bb4 46. Rb3 Ba5 47. Rb7+ Ke8 48. g4 Bc3 49. d6 Ba5 50. Re7+ Kf8 51. Ra7 Bb4 52. Ra8+ 1-0

[Event "Cellavision Cup 2019"]
[Site "Lund"]
[Date "2019.08.02"]
[Round "3.15"]
[White "Pedersen, Jacob Bang"]
[Black "Jepson, Christian"]
[Result "0-1"]
[ECO "D35"]
[WhiteElo "2152"]
[BlackElo "2391"]
[Annotator "NA"]
[PlyCount "128"]
[EventDate "2019.08.02"]
[EventType "swiss"]
[EventCountry "SWE"]
[SourceTitle "playchess.com"]
[Source "ChessBase"]
[SourceQuality "1"]
[TimeControl "900+5"]

1. d4 d5 2. c4 e6 3. Nc3 Nf6 4. cxd5 exd5 5. Bg5 Nbd7 6. e3 c6 7. Bd3 Be7 8. Nge2 Nb6 9. Qc2 Nh5 10. Bxe7 Qxe7 11. Rc1 g6 12. O-O O-O 13. Ng3 Nxg3 14. hxg3 Bd7 15. Rfe1 Rae8 16. a3 Kg7 17. b4 a6 18. Ne2 Nc8 19. Nf4 Nd6 20. Qc3 Qf6 21. a4 Bf5 22. b5 Bxd3 23. Qxd3 axb5 24. axb5 Nxb5 25. Nxd5 Qd6 26. Nf4 Nc7 27. Rb1 Rb8 28. Rec1 Rfd8 29. Qc3 Nb5 30. Qb2 Qa3 31. Qc2 Kg8 32. Rb3 Qd6 33. Rcb1 Na3 34. Qb2 Nxb1 35. Qxb1 c5 36. dxc5 Qxc5 37. Rxb7 Rxb7 38. Qxb7 Qd6 39. Qf3 Qd1+ 40. Qxd1 Rxd1+ 41. Kh2 Rf1 42. Nh3 f5 43. f3 Re1 44. e4 fxe4 45. fxe4 Rxe4 46. Ng5 Ra4 47. Nf3 Kg7 48. Nh4 Kf6 49. Nf3 Kf5 50. Nh4+ Kg4 51. Nf3 Re4 52. Ng1 h6 53. Nh3 Kf5 54. Nf2 Re1 55. Nh3 g5 56. Nf2 Re2 57. Nh3 Ke4 58. Ng1 Ra2 59. Nf3 Ke3 60. Ne5 Ra4 61. Nf7 Ra6 62. Ne5 h5 63. Nf3 Ra5 64. Ng1 g4 0-1